 Dungeon Crawl Stone Soup version 0.13.0-3-g966e3ec (webtiles) character file.

61 Antunes the Sneak (level 2, 0/21 HPs)
             Began as a Human Assassin on Oct 13, 2013.
             Slain by a hobgoblin (4 damage)
             ... on Level 1 of the Dungeon.
             The game lasted 00:02:14 (425 turns).

Antunes the Sneak (Human Assassin)                   Turns: 425, Time: 00:02:14

HP   0/21        AC  3     Str 11      XL: 2   Next:  0%
MP   1/1         EV 12     Int 11      God:
Gold 55          SH  0     Dex 14      Spells:  0 memorised,  1 level left

Res.Fire  : . . .   See Invis. : .   a - +2 dagger {=f}
Res.Cold  : . . .   Warding    : .   c - +0 robe
Life Prot.: . . .   Conserve   : .   (no shield)
Res.Poison: .       Res.Corr.  : .   (no helmet)
Res.Elec. : .       Clarity    : .   d - +0 cloak
Sust.Abil.: . .     Spirit.Shd : .   (no gloves)
Res.Mut.  : .       Stasis     : .   (no boots)
Res.Rott. : .       Flight     : .   (no amulet)
Saprovore : . . .                    (no ring)
                                     (no ring)

@: not resistant to hostile enchantments, stealthy
A: no striking features
a: no special abilities


You were on level 1 of the Dungeon.
You were not hungry.

You visited 1 branch of the dungeon, and saw 1 of its levels.

You collected 5 gold pieces.

Inventory:

Hand weapons
 a - a +2,+2 dagger (weapon) {=f}
 b - a +0 blowgun
 i - a -1,+0 orcish dagger
Missiles
 e - 8 poisoned needles
 f - 2 curare-tipped needles
 h - a dart (quivered)
Armour
 c - a +0 robe (worn)
 d - a +0 cloak (worn)
Comestibles
 g - a bread ration
 j - a rambutan
 l - a chunk of rat flesh {@w1}
 o - 2 chunks of hobgoblin flesh {@w1}
Scrolls
 m - a scroll of amnesia {unknown}
 n - a scroll of identify {unknown}
Potions
 k - 2 potions of curing {unknown}


   Skills:
 * Level 2.1 Fighting
 + Level 2.0 Short Blades
 + Level 2.0 Throwing
 * Level 1.1 Dodging
 + Level 4.2 Stealth


You had one spell level left.
You didn't know any spells.

Dungeon Overview and Level Annotations

Branches:
Dungeon (1/27)

Altars:


Message History

The hobgoblin hits you.
You completely miss the hobgoblin.
The hobgoblin is moderately wounded.
The hobgoblin hits you.
You hit the hobgoblin but do no damage.
The hobgoblin is moderately wounded.
The hobgoblin hits you.
* * * LOW HITPOINT WARNING * * *
You hit the hobgoblin.
The hobgoblin is heavily wounded.
You barely miss the hobgoblin.
The hobgoblin is heavily wounded.
The hobgoblin hits you.
* * * LOW HITPOINT WARNING * * *
You hit the hobgoblin but do no damage.
The hobgoblin is heavily wounded.
The hobgoblin hits you but does no damage.
You closely miss the hobgoblin.
The hobgoblin is heavily wounded.
The hobgoblin barely misses you.
You hit the hobgoblin but do no damage.
The hobgoblin is heavily wounded.
The hobgoblin hits you.
* * * LOW HITPOINT WARNING * * *
You closely miss the hobgoblin.
The hobgoblin is heavily wounded.
The hobgoblin barely misses you.
You hit the hobgoblin but do no damage.
The hobgoblin is heavily wounded.
The hobgoblin barely misses you.
You hit the hobgoblin but do no damage.
The hobgoblin is heavily wounded.
The hobgoblin completely misses you.
You barely miss the hobgoblin.
The hobgoblin is heavily wounded.
The hobgoblin hits you but does no damage.
You barely miss the hobgoblin.
The hobgoblin is moderately wounded.
The hobgoblin hits you.
You die...

##############...##
#..................
#.############.#### #.# #.#
#.# #.#### #######
#.########## #..... #.....#
#..........# ###... #.....#
#..........#####...
#.....####.@g...............
#...........................
#.....####..####....#####...
##.#######..####....######.#
#.# #..........(.......K...
#.# #...P.P..##............
#.# #..P#≈#P.##....######.#
#.# #..##≈##.##....# #.# #.#
#..≈≈≈≈≈.##....# #.#


You could see a hobgoblin.

Vanquished Creatures
  A goblin (D:1)
  A hobgoblin (D:1)
  A bat (D:1)
  2 kobolds (D:1)
  2 rats (D:1)
7 creatures vanquished.

Notes
Turn   | Place    | Note
--------------------------------------------------------------
     0 | D:1      | Antunes, the Human Assassin, began the quest for the Orb.
     0 | D:1      | Reached XP level 1. HP: 15/15 MP: 0/0
   345 | D:1      | Reached XP level 2. HP: 18/21 MP: 1/1
   425 | D:1      | Slain by a hobgoblin

Action                   || total
-------------------------++-------
Melee: Dagger            ||    38
 Stab: Sleeping          ||     1

Table legend:
 A = Turns spent in this place as a percentage of turns spent in the entire game.
 B = Non-inter-level travel turns spent in this place as a percentage of non-inter-level travel turns spent in the entire game.
 C = Inter-level travel turns spent in this place as a percentage of turns spent in this place.
 D = Turns resting spent in this place as a percentage of non-inter-level travel turns spent in this place.
 E = Turns spent auto-exploring this place as a percentage of non-inter-level travel turns spent in this place.
 F = Non-inter-level travel turns spent in this place divided by the number of levels of this place that you've seen.
                   A       B       C       D       E      F
               +-------+-------+-------+-------+-------+----------------------
         Total | 100.0 | 100.0 |   0.0 |   2.2 |   0.0 | 232.0
       Dungeon | 100.0 | 100.0 |   0.0 |   2.2 |   0.0 | 232.0
               +-------+-------+-------+-------+-------+----------------------

Table legend:
 A = Kills in this place as a percentage of kills in entire the game.
 B = Kills by you in this place as a percentage of kills by you in the entire game.
 C = Kills by friends in this place as a percentage of kills by friends in the entire game.
 D = Other kills in this place as a percentage of other kills in the entire game.
 E = Experience gained in this place as a percentage of experience gained in the entire game.
 F = Experience gained in this place divided by the number of levels of this place that you have seen.
                   A       B       C       D       E      F
               +-------+-------+-------+-------+-------+----------------------
         Total | 100.0 | 100.0 |  -nan |  -nan | 100.0 |   9.0
       Dungeon | 100.0 | 100.0 |  -nan |  -nan | 100.0 |   9.0
               +-------+-------+-------+-------+-------+----------------------

Vault maps used:
D:1:      eino_entry_water_cross

Action                   || total
-------------------------++-------
Melee: Dagger            ||    38
 Stab: Sleeping          ||     1
Dungeon Crawl Stone Soup version 0.13.0-3-g966e3ec (webtiles) character file. 61 Antunes the Sneak (level 2, 0/21 HPs) Began as a Human Assassin on Oct 13, 2013. Slain by a hobgoblin (4 damage) ... on Level 1 of the Dungeon. The game lasted 00:02:14 (425 turns). Antunes the Sneak (Human Assassin) Turns: 425, Time: 00:02:14 HP 0/21 AC 3 Str 11 XL: 2 Next: 0% MP 1/1 EV 12 Int 11 God: Gold 55 SH 0 Dex 14 Spells: 0 memorised, 1 level left Res.Fire : . . . See Invis. : . a - +2 dagger {=f} Res.Cold : . . . Warding : . c - +0 robe Life Prot.: . . . Conserve : . (no shield) Res.Poison: . Res.Corr. : . (no helmet) Res.Elec. : . Clarity : . d - +0 cloak Sust.Abil.: . . Spirit.Shd : . (no gloves) Res.Mut. : . Stasis : . (no boots) Res.Rott. : . Flight : . (no amulet) Saprovore : . . . (no ring) (no ring) @: not resistant to hostile enchantments, stealthy A: no striking features a: no special abilities You were on level 1 of the Dungeon. You were not hungry. You visited 1 branch of the dungeon, and saw 1 of its levels. You collected 5 gold pieces. Dungeon Overview and Level Annotations Branches: Dungeon (1/27) Altars: Skills: * Level 2.1 Fighting + Level 2.0 Short Blades + Level 2.0 Throwing * Level 1.1 Dodging + Level 4.2 Stealth You had one spell level left. You didn't know any spells. Inventory: Hand weapons a - a +2,+2 dagger (weapon) {=f} b - a +0 blowgun i - a -1,+0 orcish dagger Missiles e - 8 poisoned needles f - 2 curare-tipped needles h - a dart (quivered) Armour c - a +0 robe (worn) d - a +0 cloak (worn) Comestibles g - a bread ration j - a rambutan l - a chunk of rat flesh {@w1} o - 2 chunks of hobgoblin flesh {@w1} Scrolls m - a scroll of amnesia {unknown} n - a scroll of identify {unknown} Potions k - 2 potions of curing {unknown} Message History The hobgoblin hits you. You completely miss the hobgoblin. The hobgoblin is moderately wounded. The hobgoblin hits you. You hit the hobgoblin but do no damage. The hobgoblin is moderately wounded. The hobgoblin hits you. * * * LOW HITPOINT WARNING * * * You hit the hobgoblin. The hobgoblin is heavily wounded. You barely miss the hobgoblin. The hobgoblin is heavily wounded. The hobgoblin hits you. * * * LOW HITPOINT WARNING * * * You hit the hobgoblin but do no damage. The hobgoblin is heavily wounded. The hobgoblin hits you but does no damage. You closely miss the hobgoblin. The hobgoblin is heavily wounded. The hobgoblin barely misses you. You hit the hobgoblin but do no damage. The hobgoblin is heavily wounded. The hobgoblin hits you. * * * LOW HITPOINT WARNING * * * You closely miss the hobgoblin. The hobgoblin is heavily wounded. The hobgoblin barely misses you. You hit the hobgoblin but do no damage. The hobgoblin is heavily wounded. The hobgoblin barely misses you. You hit the hobgoblin but do no damage. The hobgoblin is heavily wounded. The hobgoblin completely misses you. You barely miss the hobgoblin. The hobgoblin is heavily wounded. The hobgoblin hits you but does no damage. You barely miss the hobgoblin. The hobgoblin is moderately wounded. The hobgoblin hits you. You die... ##############...## #.................. #.############.#### #.# #.# #.# #.#### ####### #.########## #..... #.....# #..........# ###... #.....# #..........#####... #.....####.@g............... #........................... #.....####..####....#####... ##.#######..####....######.# #.# #..........(.......K... #.# #...P.P..##............ #.# #..P#≈#P.##....######.# #.# #..##≈##.##....# #.# #.# #..≈≈≈≈≈.##....# #.# You could see a hobgoblin.

Vanquished Creatures
  A goblin (D:1)
  A hobgoblin (D:1)
  A bat (D:1)
  2 kobolds (D:1)
  2 rats (D:1)
7 creatures vanquished. Notes Turn | Place | Note -------------------------------------------------------------- 0 | D:1 | Antunes, the Human Assassin, began the quest for the Orb. 0 | D:1 | Reached XP level 1. HP: 15/15 MP: 0/0 345 | D:1 | Reached XP level 2. HP: 18/21 MP: 1/1 425 | D:1 | Slain by a hobgoblin
